 Dungeon Crawl Stone Soup version 0.31-a0-845-g9abc20d24f (webtiles) character file.

Game seed: 12854383757399952379

7 Ethylacetat the Ruffian (level 2, -2/18 HPs)
             Began as an Octopode Shapeshifter on Oct 2, 2023.
             Slain by a kobold
             ... wielding a +0 dagger
              (3 damage)
             ... on level 1 of the Dungeon.
             The game lasted 00:00:14 (175 turns).

Ethylacetat the Ruffian (Octopode Shapeshifter)      Turns: 175, Time: 00:00:15

Health: -2/18      AC:  1    Str: 13    XL:     2   Next: 4%
Magic:  2/2        EV: 13    Int: 12    God:
Gold:   1          SH:  0    Dex: 11    Spells: 1/1 levels left

rFire   . .          .
                       - Unarmed
rCold   . . .        (no shield)
rNeg    . . .        (helmet currently unavailable)
rPois   .            (no amulet)
rElec   .            (no ring)
rCorr   .            (no ring)
SInv    .            (no ring)
Will    .....        (no ring)
Stlth   ++           (no ring)
HPRegen 0.23/turn    (no ring)
MPRegen 0.08/turn    (no ring)
                     (no ring)

%: no passive effects
@: beast-form
A: beast (slay +1), almost no armour, amphibious, 8 rings, camouflage 1,
gelatinous body 1, (nimble swimmer 1), tentacles
a: Begin Untransformation


You were on level 1 of the Dungeon.
You were a hulking beast.
You visited 1 branch of the dungeon, and saw 1 of its levels.

You collected 1 gold pieces.

Inventory:

Talismans
 b - a beast talisman (active)
 c - a flux talisman
Potions
 a - a potion of lignification
 d - a potion of heal wounds {unknown}


   Skills:
 + Level 1.2 Fighting
 + Level 2.2 Dodging
 + Level 3.1 Unarmed Combat
 + Level 3.1 Shapeshifting


You had one spell level left.
You didn't know any spells.
Your spell library was empty.

Dungeon Overview and Level Annotations

Branches:
Dungeon (1/15)

Altars:


Innate Abilities, Weirdness & Mutations

You are a hulking beast.
Your limbs bulge with bestial killing power. (Slay +1)
You cannot wear most types of armour.
You are amphibious.
You can wear up to eight rings at the same time.
Your skin changes colour to match your surroundings (Stealth+).
Your rubbery body absorbs attacks. (AC +1, EV +1)
((You are camouflaged when in or above water. (Stealth+)))
You have tentacles for arms and can constrict up to eight enemies at once.


Message History

There are monsters nearby!
There are monsters nearby!
There are monsters nearby!
A rat is nearby!
The helpless rat fails to defend itself.
You tentacle-slap the rat.
You kill the rat!
A kobold and a ball python come into view.
The kobold shouts!
The ball python hisses angrily.
The ball python moves out of view.
The hobgoblin shouts!
There are monsters nearby!
A quokka comes into view.
The ball python bites you. The ball python grabs you.
The ball python constricts you.
A quokka comes into view.
The hobgoblin hits you.
There are monsters nearby!
You barely miss the ball python. Your grab misses the ball python.
The ball python barely misses you. The ball python constricts you.
The hobgoblin hits you. The ball python barely misses you.
The ball python constricts you.
You closely miss the ball python. You grab the ball python.
You constrict the ball python. The kobold hits you with a +0 dagger.
The hobgoblin hits you.
* * * LOW HITPOINT WARNING * * *
The ball python bites you.
* * * LOW HITPOINT WARNING * * *
The ball python constricts you.
* * * LOW HITPOINT WARNING * * *
You escape the ball python's grasp.
You release your grip on the ball python.
You closely miss the kobold. You grab the kobold. You constrict the kobold.
The kobold hits you with a +0 dagger.
* * * LOW HITPOINT WARNING * * *
You tentacle-slap the kobold but do no damage.
The kobold is moderately wounded.
You constrict the kobold, but do no damage.
The kobold hits you with a +0 dagger.
You die...

# ....##.# #.
.....#.#
#.##......# #
#.........#.#
#............
#...?........
#..#rgr......
#.†#.KS......
#..#h#.#.#...
##...?###...
#.....###.#
##........#..
##.#.#......
#.#...###.
#.#.#...#
#....##.#
##.###.#.#


You could see 2 quokkas, a hobgoblin, a ball python and a kobold.

Vanquished Creatures
  A dart slug (D:1)
  An endoplasm (D:1)
  A kobold (D:1)
  A goblin (D:1)
  2 rats (D:1)
6 creatures vanquished.

Notes
Turn   | Place    | Note
-------+----------+-------------------------------------------
     0 | D:1      | Ethylacetat the Octopode Shapeshifter began the quest for
                  | the Orb.
     0 | D:1      | Reached XP level 1. HP: 13/13 MP: 1/1
   110 | D:1      | Reached XP level 2. HP: 12/18 MP: 2/2
   175 | D:1      | Slain by a kobold

Illustrated notes

Levels and vault maps discovered:
D:1:      saegor_arrival_miasma, layout_loops_ring, minmay_misc_feat_tiny

Action                     || total
---------------------------++-------
  Melee: Unarmed           ||    14
         Constrict         ||     5
   Stab: Sleeping          ||     3
 Armour: Skin              ||    12
  Dodge: Dodged            ||     4

Table legend: (Time is in decaauts)
 A = Elapsed time spent in this place.
 B = Non-inter-level travel time spent in this place.
 C = Inter-level travel time spent in this place.
 D = Time resting spent in this place.
 E = Time spent auto-exploring this place.
 F = Levels seen in this place.
 G = Mean time per level.
                   A        B        C        D        E       F      G
               +--------+--------+--------+--------+--------+-----+--------+
         Total |    174 |    174 |      0 |      0 |    132 |   1 |  174.0 |
       Dungeon |    174 |    174 |      0 |      0 |    132 |   1 |  174.0 |
               +--------+--------+--------+--------+--------+-----+--------+

Top non-repeatable levels by time:
     D:1: 174 daAuts
